 Dungeon Crawl Stone Soup version 0.31-a0-321-g19405a7a6a (webtiles) character file.

Game seed: 15707895001664756408

295329 chud the Crack Shot (level 22, -4/165 HPs)
             Began as a Human Wanderer on July 17, 2023.
             Was an Initiate of Gozag.
             Slain by Mennas
             ... wielding a +5 eudemon blade of holy wrath
              (17 damage)
             ... on level 3 of the Vaults.
             The game lasted 02:55:55 (40425 turns).

chud the Crack Shot (Human Wanderer)               Turns: 40425, Time: 02:55:57

Health: -4/165     AC: 12    Str: 11    XL:     22   Next: 19%
Magic:  28/28      EV: 43    Int: 10    God:    Gozag
Gold:   10424      SH:  0    Dex: 46    Spells: 17/29 levels left

rFire   . . .        f - +7 hand crossbow (drain)
rCold   + . .        m - +0 tower shield
rNeg    . . .        n - +3 robe of Clouds {*Thunder rCloud rElec}
rPois   .            O - +2 hat
rElec   +            e - scarf {rC+ rF+}
rCorr   +            X - +1 pair of gloves of Sextyrghi {rF- rCorr Dex+6 Slay+3}
SInv    .            s - +2 pair of boots {Fly}
Will    +....        T - amulet of reflection
Stlth   +            A - +6 ring of dexterity
HPRegen 0.47/turn    h - +6 ring of dexterity
MPRegen 0.21/turn

%: reflection
@: confused, swift (expiring), ambrosia-drunk, flying, glowing, silenced, quick
A: no striking features
}: 1/15 runes: gossamer
a: Renounce Religion


You were on level 3 of the Vaults.
You worshipped Gozag.
Gozag was extremely pleased with you.
You visited 6 branches of the dungeon, and saw 30 of its levels.
You visited the Abyss 1 time.
You also visited: Bailey, Gauntlet and Wizlab.

You collected 14516 gold pieces.
You spent 3556 gold pieces at shops.
You paid 536 gold pieces to Gozag.

Inventory:

Hand Weapons
 f - a +7 hand crossbow of draining (weapon)
Missiles
 F - 38 poisoned darts
 U - 2 curare-tipped darts
Armour
 e - a scarf of resistance (worn)
 m - a +0 tower shield (worn)
 n - the +3 robe of Clouds (worn) {*Thunder rCloud rElec}
   (You took it off a Cloud Mage in a wizard's laboratory)

   *Thunder:  It occasionally creates storm clouds above nearby enemies.
   rCloud:    It grants its wearer immunity to clouds.
   rElec:     It insulates you from electricity.
 s - a +2 pair of boots of flying (worn)
 x - the +6 acid dragon scales of the Catamount {Harm rElec rCorr Str+2}
   (You found it in a bailey)

   Str:       It affects your strength (+2).
   rElec:     It insulates you from electricity.
   rCorr:     It protects you from acid and corrosion.
   Harm:      It increases damage dealt and taken.
 J - the +1 robe "Qautacen" {rElec rPois Will+ Str+7}
   (You found it on level 7 of the Dungeon)

   Str:       It affects your strength (+7).
   rElec:     It insulates you from electricity.
   rPois:     It protects you from poison.
   Will:      It increases your willpower.
 O - a +2 hat (worn)
 X - the +1 pair of gloves of Sextyrghi (worn) {rF- rCorr Dex+6 Slay+3}
   (You found it on level 4 of the Spider Nest)

   Dex:       It affects your dexterity (+6).
   Slay:      It affects your accuracy & damage with ranged weapons and melee
   (+3).
   rF:        It makes you vulnerable to fire.
   rCorr:     It protects you from acid and corrosion.
Jewellery
 g - a ring of flight
 h - a +6 ring of dexterity (right hand)
 A - a +6 ring of dexterity (left hand)
 M - a ring of see invisible
 T - an amulet of reflection (around neck)
Wands
 c - a wand of roots (21)
 d - a wand of digging (15)
 w - a wand of charming (31)
 N - a wand of acid (8)
 R - a wand of mindburst (3)
Scrolls
 b - 6 scrolls of teleportation
 j - 4 scrolls of immolation
 k - 3 scrolls of acquirement
 o - 4 scrolls of fog
 p - 6 scrolls of enchant armour
 u - 9 scrolls of poison
 y - 3 scrolls of silence
 C - 3 scrolls of amnesia
 E - a scroll of blinking
 G - 5 scrolls of vulnerability
 S - a scroll of fear
 W - 4 scrolls of revelation
 Y - 2 scrolls of brand weapon
Potions
 a - 5 potions of resistance
 i - 7 potions of magic
 q - 6 potions of curing
 t - 2 potions of might
 v - 3 potions of mutation
 z - 8 potions of brilliance
 B - a potion of invisibility
 D - 2 potions of cancellation
 H - 4 potions of berserk rage
 I - 4 potions of lignification
 P - 4 potions of enlightenment
 Q - 5 potions of ambrosia
 V - 6 potions of haste
Miscellaneous
 K - a sack of spiders (inert)
 Z - a phial of floods (inert)


   Skills:
 - Level 12.0 Fighting
 * Level 26.0 Ranged Weapons
 - Level 2.0 Throwing
 - Level 2.0 Armour
 - Level 20.3 Dodging
 - Level 2.0 Stealth
 - Level 4.0 Shields
 - Level 4.0 Spellcasting
 - Level 8.0 Translocations
 - Level 12.0 Air Magic


You had 17 spell levels left.
You knew the following spells:

 Your Spells              Type           Power      Damage    Failure   Level
a - Blink                 Tloc           36%        N/A       32%         2
b - Swiftness             Air            26%        N/A       12%         3
c - Airstrike             Air            13%        2d(2-18)  38%         4
d - Vhi's Electric Charg  Tloc/Air       44%        N/A       28%         3

Your spell library contained the following spells:

 Spells                   Type           Power      Damage    Failure   Level
 Lesser Beckoning         Tloc           36%        N/A       32%         2
 Shock                    Conj/Air       56%        1d6       43%         1
 Poisonous Vapours        Pois/Air       28%        N/A       58%         2
 Cigotuvi's Dreadful Rot  Necr/Pois/Air  20%        N/A       86%         2
 Momentum Strike          Conj/Tloc      20%        3d8       86%         2
 Passage of Golubria      Tloc           18%        N/A       91%         4
 Mephitic Cloud           Conj/Pois/Air  10%        N/A       97%         3
 Volatile Blastmotes      Fire/Tloc      20%        2d11      97%         3
 Necrotise                Necr           8%         1d4       99%         1
 Sandblast                Erth           4%         2d4       99%         1
 Sting                    Tmut/Pois      8%         1d3       99%         1
 Summon Lightning Spire   Summ/Air       14%        N/A       99%         4
 Call Imp                 Summ           4%         N/A       100%        2
 Passwall                 Tmut/Erth      1%         N/A       100%        2
 Sublimation of Blood     Necr           2%         N/A       100%        2
 Wereblood                Tmut           2%         N/A       100%        2
 Call Canine Familiar     Summ           2%         N/A       100%        3
 Frozen Ramparts          Ice            4%         1d1       100%        3
 Ignite Poison            Fire/Tmut/Pois 2%         N/A       100%        3
 Stone Arrow              Conj/Erth      4%         3d7       100%        3
 Tukima's Dance           Hex            2%         N/A       100%        3
 Vampiric Draining        Necr           2%         2d6       100%        3
 Dispel Undead            Necr           2%         3d7       100%        4
 Fulminant Prism          Conj/Hex       1%         3d5       100%        4
 Iskenderun's Mystic Bla  Conj/Tloc      10%        2d4       100%        4
 Olgreb's Toxic Radiance  Pois           2%         N/A       100%        4
 Petrify                  Tmut/Erth      2%         N/A       100%        4
 Sticky Flame             Conj/Fire      2%         2d3       100%        4
 Summon Ice Beast         Ice/Summ       2%         N/A       100%        4
 Agony                    Necr           2%         N/A       100%        5
 Freezing Cloud           Conj/Ice/Air   5%         6-21      100%        5
 Iskenderun's Battlesphe  Conj           2%         2d6       100%        5
 Metabolic Englaciation   Hex/Ice        1%         N/A       100%        5
 Summon Mana Viper        Hex/Summ       2%         N/A       100%        5
 Yara's Violent Unravell  Hex/Tmut       1%         3d3       100%        5
 Conjure Ball Lightning   Conj/Air       7%         3x3d6     100%        6
 Death Channel            Necr           1%         N/A       100%        6
 Leda's Unmaking          Conj/Erth      1%         9d1       100%        6
 Malign Gateway           Summ/Tloc      5%         N/A       100%        7
 Monstrous Menagerie      Summ           1%         N/A       100%        7
 Spellforged Servitor     Conj/Summ      1%         N/A       100%        7
 Summon Hydra             Summ           1%         N/A       100%        7
 Ignition                 Fire           1%         3d3       100%        8
 Maxwell's Capacitive Co  Air            13%        ∞         100%        8
 Summon Horrible Things   Summ           1%         N/A       100%        8


Dungeon Overview and Level Annotations

Branches:
Dungeon (15/15)            Temple (1/1) D:7            Lair (5/5) D:8
 Shoals (0/4) Lair:3       Spider (4/4) Lair:2        Slime (0/5) Lair:5
    Orc (2/2) D:11            Elf (0/3) Orc:2        Vaults (3/5) D:13
 Depths (0/4) D:15         Bailey (visited)          WizLab (visited)
Gauntlet (visited)
  Crypt: Vaults:2-3

Altars:
Ashenzari
Cheibriados
Dithmenos
Elyvilon
Fedhas
Gozag
Hepliaklqana
Kikubaaqudgha
Makhleb
Nemelex Xobeh
Okawaru
Qazlal
Ru
Sif Muna
Trog
Uskayaw
Vehumet
Wu Jian
Xom
Yredelemnul
Zin
The Shining One
Jiyva

Shops:
D:3 *   D:4 (   D:14 *   Orc:2 *([:   Vaults:2 (   Vaults:3 =!

Portals:
Trove: Vaults:1 (give 6 scrolls of fear)

Annotations:
Vaults:3 Mennas


Message History

Press: ? - help, Dir - move target, p - Mennas
As you read the scroll of blinking, it crumbles to dust.
Casting: Swiftness (mildly dangerous; 12% risk of failure)
Confirm with . or Enter, or press ? or * to list all spells.
You feel quick.
Mennas gestures frantically.
You are confused.
You bump into the metal wall.
Mennas gestures frantically.
Mennas's surroundings become eerily quiet.
You're too confused to move!
You bump into the metal wall.
You bump into the metal wall.
You feel better. You block Mennas's attack. x2
Mennas attacks as you move away! You block Mennas's attack.
Mennas hits you with a +5 eudemon blade of holy wrath!!
* * * LOW HITPOINT WARNING * * *
You block Mennas's attack.
Mennas hits you with a +5 eudemon blade of holy wrath.
* * * LOW HITPOINT WARNING * * *
You feel better. You block Mennas's attack. Mennas hits you but does no damage.
You feel better.
You start to feel a little slower.
You block Mennas's attack. Mennas completely misses you.
Mennas is caught in a moment of prayer.
Mennas closely misses you. You block Mennas's attack.
You feel better. You block Mennas's attack. x2
You are confused.
You feel invigorated. Mennas completely misses you.
Mennas hits you with a +5 eudemon blade of holy wrath!
* * * LOW HITPOINT WARNING * * *
Mennas misses you. Mennas closely misses you. Mennas blocks your attack.
Mennas is moderately wounded.
Mennas hits you with a +5 eudemon blade of holy wrath!!
* * * LOW HITPOINT WARNING * * *
Mennas misses you.
Mennas hits you with a +5 eudemon blade of holy wrath!
You die...
Your body crumbles into a pile of gold.

..........#........#
###########........#
...................#
...................#
...................#
......##########...#
......# #...# ......#
#A..##### ......#
#@....... ......#
#........ ......+
#........ ......#
#........
......##########........
........................
........................
......................
#####...##############


You could see Mennas (silencing).

Vanquished Creatures
  A Cloud Mage (WizLab)
  Jorgrun (D:12)
  The ghost of RepHenryClay the Impregnable, an adept MiCK of Xom (Vaults:1)
  A tentacled starspawn (Abyss:1)
  Gastronok (Orc:1)
  A sphinx (Vaults:1)
  Kirke (D:13)
  A deep elf sorcerer (Vaults:2)
  A frost giant (Vaults:2)
  9 vault wardens
  Louise (Spider:4)
  7 emperor scorpions
  2 orc warlords
  3 ghost moths
  4 formless jellyfish
  A broodmother (Spider:4)
  A stone giant (D:15)
  4 ironbound thunderhulks
  11 ironbound preservers
  Nessos (D:15)
  Snorg (Orc:1)
  2 spark wasps (WizLab)
  A minotaur (Gauntlet)
  3 entropy weavers
  3 blizzard demons (WizLab)
  2 great orbs of eyes
  2 yaktaur captains
  16 vault guards
  An ogre mage (D:15)
  7 hydras
  5 ironbound frosthearts
  4 spriggan air magi (WizLab)
  21 centaur warriors
  4 radroaches
  2 ghost crabs (WizLab)
  7 catoblepae
  A death knight (D:13)
  7 boulder beetles
  18 death yaks
  14 two-headed ogres
  3 dancing weapons (D:13)
  3 tengu warriors
  9 demonic crawlers
  2 death scarabs (Gauntlet)
  3 shock serpents (WizLab)
  2 orc high priests
  2 skysharks
  5 pharaoh ants
  A wretched star (Abyss:1)
  2 sun moths (Spider:4)
  Nergalle (Orc:2)
  A spectral death yak (Gauntlet)
  A death drake (WizLab)
  26 deep trolls
  4 skeletal warriors (D:15)
  8 orb spiders
  A phantasmal warrior (Vaults:2)
  8 harpies
  8 lindwurms
  3 steelbarb worms
  6 wizards
  7 ironbound convokers
  A deep elf pyromancer (D:14)
  3 necromancers
  A frost giant zombie (Vaults:2)
  7 orc knights
  4 orc sorcerers
  25 wolf spiders
  5 cyclopes
  A stone giant zombie (Vaults:2)
  5 human zombies
  13 ugly things
  4 moths of wrath
  4 apocalypse crabs (WizLab)
  2 large abominations (Abyss:1)
  36 elephants
  6 manticores
  Maurice (Orc:2)
  19 cane toads
  A stone giant skeleton (Vaults:1)
  6 black mambas
  A smoke demon (Abyss:1)
  3 vault sentinels
  A torpor snail (Spider:1)
  A yaktaur zombie (Vaults:2)
  An unseen horror (D:8)
  A kobold demonologist (D:13)
  11 komodo dragons
  An efreet (D:14)
  Maggie (D:8)
  28 yaktaurs
  6 rime drakes
  A freezing wraith (D:15)
  An ice devil (Abyss:1)
  2 tengu conjurers (D:14)
  12 meliai
  A polar bear (Lair:1)
  A hornet (D:11)
  19 blink frogs
  A harpy skeleton (Vaults:1)
  29 tarantellas
  6 trolls
  2 wind drakes (WizLab)
  24 jumping spiders
  40 slime creatures
  8 air elementals (WizLab)
  A centaur simulacrum (D:13)
  23 culicivoras
  2 wraiths
  6 spriggans (Bailey)
  A spectral fire crab (Gauntlet)
  45 yaks
  5 basilisks
  A water elemental (D:12)
  A vampire (D:13)
  A human (shapeshifter) (D:13)
  9 wyverns
  A hog (shapeshifter) (D:14)
  An elf zombie (Vaults:2)
  2 human simulacra (Vaults:2)
  78 redbacks
  4 steam dragons
  A vampire mosquito (Spider:3)
  3 wargs
  A deep troll zombie (Abyss:1)
  5 swamp worms (Gauntlet)
  21 water moccasins
  4 acid dragons
  Pargi (D:3)
  34 orc warriors
  7 black bears
  An ice beast (D:7)
  2 sky beasts
  9 ogres
  13 wolves
  7 centaurs
  10 bullfrogs
  A glowing shapeshifter simulacrum (Vaults:2)
  A gnoll sergeant (D:13)
  5 scorpions
  12 wights
  32 killer bees (D:12)
  9 howler monkeys
  A hound (D:4)
  A jelly (D:6)
  2 gnoll boudas
  18 orc priests
  7 iguanas
  3 sleepcaps
  23 orc wizards
  7 hell rats
  19 gnolls
  7 adders
  3 shadow imps
  A white imp (D:8)
  2 ufetubi (D:6)
  2 worms
  2 dart slugs
  72 orcs
  6 bats
  4 endoplasms
  7 giant cockroaches
  14 goblins
  14 hobgoblins
  14 jackals
  4 kobolds
  3 quokkas (D:1)
  10 ball pythons
  8 frilled lizards
  6 rats
1246 creatures vanquished.

Vanquished Creatures (collateral kills)
  A centaur warrior (Vaults:3)
1 creature vanquished.

Vanquished Creatures (others)
  2 air elementals (WizLab)
  A human (D:13)
3 creatures vanquished.

Grand Total: 1250 creatures vanquished

Notes
Turn   | Place    | Note
-------+----------+-------------------------------------------
     0 | D:1      | chud the Human Wanderer began the quest for the Orb.
     0 | D:1      | chud set off with the following items: a +0 dagger, a
                  | scroll of teleportation, a +0 cloak, a scroll of blinking,
                  | a +0 leather armour, a +0 buckler of protection.
     0 | D:1      | Reached XP level 1. HP: 16/16 MP: 1/1
    98 | D:1      | Reached XP level 2. HP: 22/22 MP: 2/2
   459 | D:2      | Reached XP level 3. HP: 27/27 MP: 3/3
   762 | D:2      | Reached XP level 4. HP: 28/34 MP: 4/4
  1490 | D:4      | Reached skill level 1 in Ranged Weapons
  1603 | D:4      | Reached XP level 5. HP: 37/39 MP: 5/5
  1605 | D:4      | Found a snail-covered altar of Cheibriados.
  1614 | D:4      | Identified the +0 buckler of the Saviour {*Slow rPois
                  | Will+++ Int+4}
  1661 | D:4      | Reached skill level 2 in Ranged Weapons
  1744 | D:4      | Reached XP level 6. HP: 47/48 MP: 6/6
  1973 | D:4      | Found Kypriniu's Antique Weapon Emporium.
  2181 | D:4      | Noticed a black bear
  2193 | D:4      | Killed a black bear
  2194 | D:4      | Reached skill level 3 in Ranged Weapons
  2410 | D:4      | Noticed an orc warrior
  2431 | D:4      | Reached XP level 7. HP: 40/55 MP: 7/7
  2820 | D:4      | Found a white marble altar of Elyvilon.
  2984 | D:5      | Entered Level 5 of the Dungeon
  3015 | D:5      | Reached skill level 5 in Fighting
  3015 | D:5      | Reached skill level 4 in Ranged Weapons
  3312 | D:5      | HP: 1/56 [poisoned by a scorpion]
  3666 | D:5      | Reached skill level 5 in Ranged Weapons
  3666 | D:5      | Reached XP level 8. HP: 28/64 MP: 8/8
  3787 | D:5      | Found an iron altar of Okawaru.
  4162 | D:5      | Found an opulent altar of Gozag.
  4233 | D:5      | Became a worshipper of Gozag Ym Sagoz the Greedy
  4349 | D:3      | Found Usolyss's General Store.
  4696 | D:3      | Noticed Pargi
  4710 | D:3      | Killed Pargi
  4711 | D:3      | Reached skill level 6 in Ranged Weapons
  5719 | D:6      | Reached skill level 7 in Ranged Weapons
  5848 | D:6      | Identified the +6 scale mail of Valour {rPois Will- SInv
                  | Stlth+}
  6204 | D:6      | Reached XP level 9. HP: 69/69 MP: 9/9
  6362 | D:6      | Reached skill level 8 in Ranged Weapons
  7063 | D:7      | Identified the +1 robe "Qautacen" {rElec rPois Will+ Str+7}
  7082 | D:7      | Identified 2 scrolls of acquirement
  7203 | D:7      | Reached skill level 9 in Ranged Weapons
  7273 | D:7      | Noticed a two-headed ogre
  7283 | D:7      | Killed a two-headed ogre
  7284 | D:7      | Reached skill level 10 in Ranged Weapons
  7284 | D:7      | Reached XP level 10. HP: 42/76 MP: 10/10
  7402 | D:7      | Found a radiant altar of Vehumet.
  8316 | D:7      | Found a staircase to the Ecumenical Temple.
  8321 | Temple   | Entered the Ecumenical Temple
  8500 | D:8      | Found a hide-covered altar of Uskayaw.
  8515 | D:8      | Noticed Maggie
  8525 | D:8      | Killed Maggie
  8526 | D:8      | Reached skill level 5 in Dodging
  8596 | D:8      | Reached skill level 11 in Ranged Weapons
  8604 | D:8      | Found a staircase to the Lair.
  8737 | D:3      | Bought the +9 orcbow of Quantum Leap {drain, Dex+2} for 875
                  | gold pieces
  8965 | D:8      | Noticed a komodo dragon
  8982 | D:8      | Killed a komodo dragon
  9117 | D:8      | Found a glowing silver altar of Zin.
  9118 | D:8      | Found an ancient bone altar of Kikubaaqudgha.
  9664 | D:8      | Noticed an unseen horror
  9667 | D:8      | Killed an unseen horror
  9773 | Lair:1   | Entered Level 1 of the Lair of Beasts
  9827 | Lair:1   | Reached XP level 11. HP: 81/81 MP: 11/11
  9857 | Lair:1   | Reached skill level 12 in Ranged Weapons
 10108 | Lair:1   | Reached skill level 13 in Ranged Weapons
 10525 | Lair:1   | Reached skill level 14 in Ranged Weapons
 10525 | Lair:1   | Reached XP level 12. HP: 92/92 MP: 12/12
 10930 | Lair:1   | Learned a level 2 spell: Blink
 11067 | Lair:2   | Noticed a four-headed hydra
 11071 | Lair:2   | Killed a four-headed hydra
 11476 | Lair:2   | Noticed a four-headed hydra
 11479 | Lair:2   | Noticed a skyshark
 11535 | Lair:2   | Reached skill level 15 in Ranged Weapons
 11551 | Lair:2   | Noticed a catoblepas
 11555 | Lair:2   | Killed a catoblepas
 11837 | Lair:2   | Noticed a skyshark
 11846 | Lair:2   | Killed a skyshark
 11913 | Lair:2   | Reached skill level 16 in Ranged Weapons
 11959 | Lair:2   | You fall into a shaft and drop 2 floors!
 12065 | Lair:2   | Killed a four-headed hydra
 12082 | Lair:2   | Reached XP level 13. HP: 98/98 MP: 13/13
 12189 | Lair:3   | Reached skill level 17 in Ranged Weapons
 12453 | Lair:3   | Found a staircase to the Shoals.
 12506 | Lair:3   | Noticed a six-headed hydra
 12510 | Lair:3   | Killed a six-headed hydra
 12517 | Lair:3   | Reached skill level 18 in Ranged Weapons
 12532 | Lair:2   | Noticed a seven-headed hydra
 12534 | Lair:2   | Noticed a catoblepas
 12542 | Lair:2   | Killed a catoblepas
 12546 | Lair:2   | Killed a seven-headed hydra
 13094 | Lair:2   | Noticed a six-headed hydra
 13100 | Lair:2   | Killed a six-headed hydra
 13101 | Lair:2   | Reached skill level 19 in Ranged Weapons
 13175 | Lair:2   | Reached XP level 14. HP: 105/105 MP: 14/14
 13865 | Lair:2   | Found a hole to the Spider Nest.
 14898 | D:3      | Bought a scroll of teleportation for 42 gold pieces
 14898 | D:3      | Bought a scroll of revelation for 105 gold pieces
 14898 | D:3      | Bought a scroll of enchant weapon for 105 gold pieces
 14898 | D:3      | Bought a scroll of identify for 28 gold pieces
 15059 | Lair:4   | Learned a level 3 spell: Swiftness
 15108 | Lair:4   | Reached skill level 1 in Translocations
 15108 | Lair:4   | Reached skill level 1 in Air Magic
 15236 | Lair:4   | Reached skill level 20 in Ranged Weapons
 16130 | Lair:5   | Entered Level 5 of the Lair of Beasts
 16501 | Lair:5   | Reached skill level 10 in Dodging
 16501 | Lair:5   | Reached XP level 15. HP: 92/113 MP: 15/15
 16744 | Lair:5   | Found a viscous altar of Jiyva.
 16749 | Lair:5   | Found a staircase to the Slime Pits.
 17176 | Lair:5   | Reached skill level 10 in Fighting
 17176 | Lair:5   | Reached skill level 5 in Translocations
 17180 | Lair:5   | Reached skill level 5 in Air Magic
 18032 | Lair:3   | Got the Spellbook of Command
 18317 | D:8      | Learned a level 4 spell: Airstrike
 18353 | D:9      | Found a flagged portal.
 18363 | Bailey   | Entered a bailey
 18432 | Bailey   | Reached skill level 1 in Spellcasting
 18537 | Bailey   | Identified the +6 acid dragon scales of the Catamount {Harm
                  | rElec rCorr Str+2}
 19717 | D:10     | Entered Level 10 of the Dungeon
 20008 | D:10     | Found an ornate altar of the Wu Jian Council.
 20812 | D:11     | Found a staircase to the Orcish Mines.
 21177 | Orc:1    | Entered Level 1 of the Orcish Mines
 21307 | Orc:1    | Noticed Gastronok
 21319 | Orc:1    | Killed Gastronok
 21415 | Orc:1    | Noticed Snorg
 21415 | Orc:1    | Noticed an orc warlord
 21424 | Orc:1    | Killed an orc warlord
 21428 | Orc:1    | Killed Snorg
 21823 | Orc:2    | Entered Level 2 of the Orcish Mines
 21884 | Orc:2    | Reached XP level 16. HP: 122/122 MP: 22/22
 22253 | Orc:2    | Noticed Nergalle
 22265 | Orc:2    | Killed Nergalle
 22476 | Orc:2    | Found Xoinotyu's Antique Weapon Shop.
 22507 | Orc:2    | Found Hasala's General Store.
 22516 | Orc:2    | Noticed Maurice
 22522 | Orc:2    | Killed Maurice
 22535 | Orc:2    | Found Kesiocw's Antique Armour Shop.
 22543 | Orc:2    | Bought a pair of glowing boots for 232 gold pieces
 22572 | Orc:2    | Bought a scroll of brand weapon for 95 gold pieces
 22572 | Orc:2    | Bought a wand of charming (3) for 72 gold pieces
 22572 | Orc:2    | Bought a scroll of poison for 40 gold pieces
 22677 | Orc:2    | Found a staircase to the Elven Halls.
 23007 | Orc:2    | Found Lotorph's Book Shop.
 23013 | Orc:2    | Bought a manual of Dodging for 1200 gold pieces
 23013 | Orc:2    | Bought Durch's Grimoire of Toxic Gusts for 630 gold pieces
 23101 | Orc:2    | Learned a level 3 spell: Vhi's Electric Charge
 23455 | D:12     | Identified the orb "Xaamoaso" {guile, *Slow rC+++ Regen+
                  | MP+9}
 23565 | D:12     | Noticed Jorgrun
 23574 | D:12     | Killed Jorgrun
 24193 | D:12     | Reached skill level 10 in Air Magic
 24897 | D:13     | Noticed Kirke
 24907 | D:13     | Killed Kirke
 25143 | D:13     | Found a gate to the Vaults.
 25163 | D:13     | Found a runed translucent door.
 25991 | D:14     | Reached skill level 15 in Dodging
 26117 | D:14     | Reached XP level 17. HP: 128/128 MP: 23/23
 26121 | D:14     | Found Leagug's Changing Room.
 26179 | D:14     | Found an iron altar of Okawaru.
 26383 | D:14     | You fall into a shaft and drop 1 floor!
 26383 | D:15     | Entered Level 15 of the Dungeon
 26420 | D:15     | Found a gate leading to a gauntlet.
 26431 | Gauntlet | Entered a Gauntlet
 26431 | Gauntlet | Found a transporter.
 26431 | Gauntlet | Found a transporter.
 26432 | Gauntlet | Found a transporter.
 26433 | Gauntlet | Found a transporter.
 26433 | Gauntlet | Found a transporter.
 26436 | Gauntlet | Found a transporter.
 26440 | Gauntlet | Found a runed translucent door.
 26442 | Gauntlet | Found a runed translucent door.
 26443 | Gauntlet | Found a transporter.
 26444 | Gauntlet | Found a transporter.
 26445 | Gauntlet | Found a transporter.
 26447 | Gauntlet | Found a transporter.
 26455 | Gauntlet | Found a transporter.
 26458 | Gauntlet | Found a transporter.
 27050 | Gauntlet | Identified the -2 helmet of Feugymaf {Will+ rCorr Int-4}
 27376 | D:15     | Found a staircase to the Depths.
 27728 | D:15     | Noticed Nessos
 27735 | D:15     | Killed Nessos
 28886 | Spider:1 | Entered Level 1 of the Spider Nest
 30025 | Spider:2 | Reached XP level 18. HP: 139/139 MP: 24/24
 31673 | Spider:3 | Reached skill level 21 in Ranged Weapons
 32323 | Spider:4 | Entered Level 4 of the Spider Nest
 32479 | Spider:4 | Noticed Louise
 32486 | Spider:4 | Killed Louise
 32628 | Spider:4 | Reached skill level 22 in Ranged Weapons
 33265 | Spider:4 | Identified the +0 pair of gloves of Ocalam {-Cast Rampage
                  | rPois rN+}
 33408 | Spider:4 | Identified the +1 pair of gloves of Sextyrghi {rF- rCorr
                  | Dex+6 Slay+3}
 33411 | Spider:4 | Got a gossamer rune of Zot
 33550 | Spider:4 | Reached XP level 19. HP: 146/146 MP: 25/25
 34524 | Vaults:1 | Entered Level 1 of the Vaults
 34822 | Vaults:1 | Reached skill level 23 in Ranged Weapons
 35011 | Vaults:1 | Found a runed translucent gate.
 35011 | Vaults:1 | Found a runed translucent gate.
 35011 | Vaults:1 | Noticed RepHenryClay's ghost (adept MiCK)
 35012 | Vaults:1 | Found a runed translucent gate.
 35034 | Vaults:1 | Killed RepHenryClay's ghost
 35047 | Vaults:1 | Identified the amulet "Uruteet" {Acrobat Str+5 Dex+2}
 35601 | Vaults:1 | Reached skill level 24 in Ranged Weapons
 36119 | Vaults:1 | Found a portal to a secret trove of treasure.
 36711 | Vaults:2 | Reached XP level 20. HP: 113/153 MP: 26/26
 37041 | Vaults:2 | Found a magical portal.
 37053 | WizLab   | Entered The Chambers of the Cloud Mage
 37225 | Abyss:1  | Found a corrupted altar of Lugonu.
 37225 | Abyss:1  | Cast into level 1 of the Abyss (an apocalypse crab)
 37348 | Abyss:1  | Found a corrupted altar of Lugonu.
 37350 | Abyss:1  | Found a corrupted altar of Lugonu.
 37350 | Abyss:1  | Found a corrupted altar of Lugonu.
 37374 | Abyss:1  | Found a corrupted altar of Lugonu.
 37490 | WizLab   | Escaped the Abyss
 37617 | WizLab   | Paralysed by you for 4 turns
 37992 | WizLab   | Noticed Peruabb
 38002 | WizLab   | Killed Peruabb the Cloud Mage
 38103 | WizLab   | Got the Codex of the Birds
 38215 | WizLab   | Reached skill level 25 in Ranged Weapons
 38215 | WizLab   | Reached XP level 21. HP: 159/159 MP: 27/27
 38401 | Vaults:2 | Found Ximakal's Antique Weapon Shop.
 39840 | Vaults:3 | Found Pomahus's Distillery.
 39858 | Vaults:3 | Bought a potion of curing for 66 gold pieces
 39858 | Vaults:3 | Bought a potion of curing for 66 gold pieces
 39877 | Vaults:3 | Reached XP level 22. HP: 165/165 MP: 28/28
 40134 | Vaults:3 | Noticed Mennas
 40155 | Vaults:3 | Reached skill level 26 in Ranged Weapons
 40425 | Vaults:3 | Slain by Mennas

Illustrated notes

Levels and vault maps discovered:
D:1:      amcnicky_arrival_gap_in_the_tavern_cellar, layout_loops_ring,
          nicolae_concentric_dashed_squares_wild, minmay_heptomino_o4
D:2:      layout_loops_ring, serial_forest, infiniplex_forest_lined_room_2,
          infiniplex_forest_fountain, infiniplex_forest_lined_ring,
          infiniplex_forest_zigzag_1, infiniplex_forest_pool,
          infiniplex_forest_end_3, infiniplex_forest_clump_small,
          minmay_tree_intersection, minmay_ruptured, uniq_crazy_yiuf_cottage
D:3:      layout_loops_ring, serial_shops, shop, nicolae_elevator_lobby_plus,
          uniq_pargi
D:4:      layout_basic, nicolae_elyvilon_temple_path, mainiacjoe_overflow_paths,
          serial_shops, shop, nrook_loot_triangle, nzn_random_ring
D:5:      layout_basic, marbit_many_paths, mainiacjoe_overflow_surrounded_room
D:6:      layout_layer_cave, dk_vineyard_2
D:7:      layout_layer_cave, lemuel_doored_altar, minmay_temple_entry_nine_rooms
D:8:      layout_basic, eat_drink_and_be_merry_uskayaw,
          grunt_temple_overflow_open, david_lair_shrubbed, uniq_maggie
D:9:      minmay_cornered_nines, layout_basic, enter_bailey_2
D:10:     layout_gridville, mainiacjoe_overflow_catwalk, skrybe_limestone_x
D:11:     layout_roguey, erik_orc_3
D:12:     wad_woods_minihive, layout_basic, uniq_jorgrun
D:13:     layout_cave_pools, lightli_vaults_fourway_checkpoint,
          nicolae_danse_macabre, uniq_kirke
D:14:     layout_roguey, okawaru_gym_becter, nicolae_transmutations_shop
D:15:     grunt_enter_depths_giant_problem, layout_basic,
          gauntlet_entry_generic, uniq_nessos
Temple:   hellmonk_temple_forest_ring
Lair:1:   wad_woods_structure_01, layout_regular_city, serial_bayou_shore_b,
          lemuel_fruit_tree
Lair:2:   nzn_winding_woodlands_stair_cross
          [nzn_winding_woodlands_5x15_split_checker,
          nzn_winding_woodlands_center_diamonds,
          nzn_winding_woodlands_5x15_pockets,
          nzn_winding_woodlands_5x5_perimeter, nzn_winding_woodlands_5x5_three,
          nzn_winding_woodlands_5x15_sidewinder,
          nzn_winding_woodlands_center_lodge, nzn_winding_woodlands_5x15_cabin],
          layout_regular_city, nicolae_spider_entry_tight_spaces,
          beast_lair_carwin_3, grunt_megastairs_4
Lair:3:   layout_layer_cave, elwin_shoals_entry_rocks
Lair:4:   layout_roguey
Lair:5:   evilmike_catoblepas_cave, layout_cave_pods, dpeg_slime_entry_corner
Spider:1: layout_cave_pods
Spider:2: layout_chambers, drop_trap, hellmonk_narrow_tunnel
Spider:3: layout_spider_delve, special_room, einodemon_crawler_minivault
Spider:4: grunt_spider_rune_circles, uniq_louise
Orc:1:    layout_caves, uniq_snorg, uniq_gastronok
Orc:2:    grunt_orc_cross, layout_caves, uniq_maurice
Vaults:1: ebering_ghost_rock_garden, nicolae_vaults_trapezoid_lopsided_4,
          vaults_room_grunt_arrival_checkpoint, v_misc_25,
          nicolae_vaults_oval_intersection, nicolae_vaults_big_ls,
          nicolae_vaults_house_3, vaults_room_corners,
          nicolae_vaults_storage_closets_1, v_misc_22, nicolae_vaults_heist,
          layout_vaults_big_room, enter_trove_2
Vaults:2: infiniplex_enter_wizlab_glasses, nicolae_vaults_theta, st_check,
          nicolae_vaults_arrows, nicolae_vaults_house_1,
          ontoclasm_vaults_ring_large, v_alt_pattern_3, nicolae_vaults_alarming,
          nicolae_vaults_turnstiles, nicolae_vaults_trapezoid_3,
          layout_vaults_omnibox, serial_shops, nicolae_shop_behind_doors
Vaults:3: nicolae_vaults_wrenched, v_alt_pattern_6, ontoclasm_vaults_gateway,
          vaults_room_grid, nicolae_vaults_double_plus_2,
          minmay_crypt_entry_skeletal_spiral, nicolae_vaults_more_shelving_1,
          hangedman_vaults_capsules, layout_vaults_omnigrid, serial_shops, shop,
          uniq_margery, uniq_mennas, uniq_xtahua

Skill      XL: |  1  2  3  4  5  6  7  8  9 10 11 12 13 14 15 16 17 18 19 20 21 22 |
---------------+-------------------------------------------------------------------+-----
Armour         | 2 |  2.0
Stealth        | 2 |  2.0
Ranged Weapons | 1 2 3 5 7 10 11 14 16 19 20 22 24 25 26 | 26.0
Shields        | 4 |  4.0
Fighting       | 3 4 5 6 8 9 10 11 12 | 12.0
Dodging        | 4 8 10 15 16 20 | 20.3
Throwing       | 2 |  2.0
Translocations | 3 7 8 |  8.0
Air Magic      | 3 7 10 12 | 12.0
Spellcasting   | 4 |  4.0

Action                     |  1- 3 |  4- 6 |  7- 9 | 10-12 | 13-15 | 16-18 | 19-21 | 22-24 || total
---------------------------+-------+-------+-------+-------+-------+-------+-------+-------++-------
  Melee: Dagger            |    20 |       |       |       |       |       |       |       ||    20
         Spear             |    47 |       |       |       |       |       |       |       ||    47
         Orcbow            |       |       |       |       |       |     1 |       |       ||     1
         Hand crossbow     |       |       |       |       |       |       |       |     1 ||     1
   Fire: Sling             |    38 |   170 |   131 |       |       |       |       |       ||   339
         Orcbow            |       |       |   247 |   453 |   893 |  1424 |   956 |       ||  3973
         Hand crossbow     |       |       |       |       |       |       |     2 |    51 ||    53
   Cast: Blink             |       |       |       |       |     1 |     7 |       |       ||     8
         Swiftness         |       |       |       |       |     1 |     4 |     1 |     1 ||     7
         Vhi's Electric Ch |       |       |       |       |       |     1 |       |       ||     1
 Invoke: Call Merchant     |       |       |       |       |       |       |       |     1 ||     1
  Evoke: Wand              |       |       |       |       |     3 |     1 |     1 |       ||     5
         Phial of floods   |       |       |       |       |       |       |       |     1 ||     1
    Use: Potion            |       |       |     3 |       |       |     5 |     1 |    11 ||    20
         Scroll            |       |       |     8 |     4 |    11 |    13 |    12 |     1 ||    49
   Stab: Sleeping          |     3 |       |       |       |       |       |       |       ||     3
 Armour: Leather armour    |    30 |     2 |       |       |       |       |       |       ||    32
         Robe              |       |    13 |    21 |     1 |    10 |    58 |    15 |     4 ||   122
  Dodge: Dodged            |    53 |    55 |   106 |    59 |   131 |   441 |   408 |    79 ||  1332
  Block: Buckler           |    32 |    31 |    35 |       |       |       |       |       ||    98
         Other             |       |       |       |       |     1 |    87 |    70 |       ||   158
         Reflection        |       |       |       |       |     1 |     5 |    12 |    11 ||    29
         Tower shield      |       |       |       |       |       |       |     2 |    97 ||    99

Table legend: (Time is in decaauts)
 A = Elapsed time spent in this place.
 B = Non-inter-level travel time spent in this place.
 C = Inter-level travel time spent in this place.
 D = Time resting spent in this place.
 E = Time spent auto-exploring this place.
 F = Levels seen in this place.
 G = Mean time per level.
                   A        B        C        D        E       F      G
               +--------+--------+--------+--------+--------+-----+--------+
         Total |  39666 |  36452 |   3214 |   3894 |  23398 |  34 | 1166.6 |
       Dungeon |  18227 |  16364 |   1863 |   1621 |  11254 |  15 | 1215.1 |
        Temple |      9 |      9 |      0 |      0 |      0 |   1 |    9.0 |
          Lair |   7935 |   7151 |    784 |    213 |   5477 |   5 | 1587.0 |
   Spider Nest |   5160 |   4973 |    187 |    603 |   3362 |   4 | 1290.0 |
  Orcish Mines |   1869 |   1802 |     67 |    396 |    894 |   2 |  934.5 |
        Vaults |   4189 |   3877 |    312 |    603 |   1968 |   3 | 1396.3 |
         Abyss |    255 |    255 |      0 |      0 |     42 |   1 |  255.0 |
        Bailey |    253 |    253 |      0 |      0 |    162 |   1 |  253.0 |
        Wizlab |    959 |    959 |      0 |    307 |     72 |   1 |  959.0 |
      Gauntlet |    807 |    807 |      0 |    150 |    167 |   1 |  807.0 |
               +--------+--------+--------+--------+--------+-----+--------+

Top non-repeatable levels by time:
  Lair:1: 2052 daAuts
Vaults:1: 2052 daAuts
     D:4: 2033 daAuts
    D:12: 1962 daAuts
  Lair:2: 1857 daAuts
Vaults:2: 1709 daAuts
Spider:4: 1704 daAuts
     D:7: 1667 daAuts
     D:6: 1515 daAuts
  Lair:5: 1494 daAuts
Spider:2: 1419 daAuts
  Lair:3: 1388 daAuts
    D:13: 1297 daAuts
     D:8: 1270 daAuts
     D:5: 1237 daAuts
